[Event "Late-Titled-Tuesday-Blitz-February-20-2024"]
[Site "Chess.com"]
[Date "2024.02.20"]
[Round "2"]
[White "rikchessmx"]
[Black "Pawngobblerx2000"]
[Result "0-1"]
[WhiteElo "2222"]
[BlackElo "2475"]
[TimeControl "180+1"]
[EndTime "14:15:58 PST"]
[Termination "Pawngobblerx2000 won by checkmate"]

1. e4 e5 2. Nf3 Nc6 3. Bc4 Bc5 4.
d3 d6 5. c3 Nf6 6. a4 a5 7. O-O O-O 8. Na3 d5 9. exd5 Nxd5 10. Nb5 Nb6 11. Bb3 Bg4 12. Qe2 Re8 13. Bg5 Qxg5 14. Bxf7+ Kh8 15. Bxe8 Bxf3 16. Qxf3 Rxe8 17.
Nxc7 Rf8 18. Qg3 Qxg3 19. hxg3 h5 20. Ne6 Be7 21. Nxf8 Bxf8 22. Rfe1 Bd6 23. b3 Nd5 24. Rac1 Kg8 25. Kf1 Kf7 26. Ke2 Kf6 27. Kd1 Ba3 28.
Rc2 Bc5 29. Re4 g5 30. Rc4 b6 31. Ke2 Kf5 32. Rc1 h4 33. gxh4 Nf4+ 34. Kf3 g4+ 35. Kg3 Ne2+ 36. Kh2 Nxc1 37. d4 exd4 38. b4 Bd6+ 39. g3 Ne5 40. Rc8 d3 41. Rd8 Ke6 42.
bxa5 bxa5 43. c4 Nxc4 44. Re8+ Kd5 45. Re1 d2 46. Rd1 Nd3 47. Kg2 Ndb2 48. Rxd2+ Nxd2 49. f4 gxf3+ 50. Kf2 Bc5+ 51. Ke1 f2+ 52. Kxd2 f1=Q 53.
Kc3 Qd3+ 54. Kxb2 Bd4+ 55. Ka2 Qc2+ 56. Ka3 Qb2# 0-1

[Event "Late-Titled-Tuesday-Blitz-February-20-2024"]
[Site "Chess.com"]
[Date "2024.02.20"]
[Round "2"]
[White "jefferyx"]
[Black "YurasovMat-2012"]
[Result "1-0"]
[WhiteElo "3022"]
[BlackElo "2608"]
[TimeControl "180+1"]
[EndTime "14:15:59 PST"]
[Termination "jefferyx won by resignation"]

1. e4 e5 2. Nf3 Nf6 3. Nc3 Bb4 4. Nxe5 O-O 5. Nd3 Bxc3 6. dxc3 Nxe4 7. Be2 d5 8. O-O Bf5 9. Nf4 Nf6 10. Be3 Nc6 11. Qd2 Re8 12. Rad1 Ne7 13. c4 c6 14. Qc3 Rc8 15. h3 Qc7 16. Bf3 Ng6 17. Nxg6 Bxg6 18. cxd5 Nxd5 19. Bxd5 cxd5 20. Qxc7 Rxc7 21. c3 Be4 22.
Bxa7 Ra8 23. f3 Rxa7 24. fxe4 Rxa2 25. Rxd5 g6 26. Rb5 Re7 27. e5 Kg7 28. Rd1 Ra4 29. Rd4 Ra1+ 30. Kf2 Rc1 31. Rdb4 Rc2+ 32. Kg3 Re2 33.
Rxb7 R7xe5 34. Rf4 Rg5+ 35. Kf3 Rgxg2 36. Rfxf7+ Kg8 37. Rg7+ Kf8 38. Rbf7+ Ke8 39. Re7+ Rxe7 40. Rxe7+ Kxe7 41. Kxg2 Kd6 42. b4 Kd5 43. b5 Kc5 44. c4 g5 45. Kf3 h5 46. Ke4 Kb6 47. Kf5 g4 48. hxg4 hxg4 49. Kxg4 Kc5 50. Kf5 1-0

[Event "Late-Titled-Tuesday-Blitz-February-20-2024"]
[Site "Chess.com"]
[Date "2024.02.20"]
[Round "2"]
[White "expii"]
[Black "Onthequiet"]
[Result "1/2-1/2"]
[WhiteElo "2168"]
[BlackElo "2439"]
[TimeControl "180+1"]
[EndTime "14:15:59 PST"]
[Termination "Game drawn by repetition"]

1. e4 c5 2. Nf3 Nc6 3. d4 cxd4 4. Nxd4 Qb6 5. Nxc6 bxc6 6. Nc3 e5 7. Bc4 Bb4 8. O-O Bxc3 9. bxc3 Nf6 10. Bd3 h6 11. Ba3 c5 12. Rb1 Qc7 13. c4 O-O 14. f4 d6 15. f5 Bb7 16. Bc1 Bxe4 17. Bxe4 Nxe4 18. f6 Qd7 19. fxg7 Kxg7 20. Qf3 f5 21. g4 d5 22.
gxf5 Kh7 23. Kh1 Rf6 24. cxd5 Qxd5 25. Bb2 Raf8 26. Rbd1 Rxf5 27. Rxd5 Rxf3 28. Rxf3 Rxf3 29. Rxe5 Rf1+ 30. Kg2 Rb1 31. Re7+ Kg6 32. Rxe4 Rxb2 33. Rc4 Rxa2 34. Rxc5 a5 35. Kf3 Ra3+ 36. Kg2 a4 37. Ra5 Ra2 38. Kf3 Rxc2 39. Rxa4 Rxh2 40. Kg3 Rc2 41. Ra6+ Kg5 42. Ra5+ Kg6 43. Ra6+ Kg7 44. Ra7+ Kg6 45. Ra6+ 1/2-1/2

[Event "Late-Titled-Tuesday-Blitz-February-20-2024"]
[Site "Chess.com"]
[Date "2024.02.20"]
[Round "2"]
[White "stasOR4ik"]
[Black "martinmena"]
[Result "1-0"]
[WhiteElo "2463"]
[BlackElo "2187"]
[TimeControl "180+1"]
[EndTime "14:16:01 PST"]
[Termination "stasOR4ik won by checkmate"]

1. e4 c6 2. c4 d5 3. cxd5 cxd5 4.
exd5 Nf6 5. Nc3 g6 6. Bc4 Bg7 7. Nf3 O-O 8. d3 a6 9. a4 Nbd7 10. O-O b6 11. Re1 Bb7 12. Be3 Qc7 13. Qb3 Nc5 14.
Bxc5 Qxc5 15. Re2 Rac8 16. Rae1 Rfe8 17. h3 Nh5 18. d6 Bxf3 19. Bxf7+ Kh8 20. d7 Qg5 21. g4 Bxg4 22. Ne4 Qf4 23. dxe8=Q+ Rxe8 24. Bxe8 Bxh3 25. Re3 Qg4+ 26. Ng3 Be5 27. Qf7 Bg7 28. Bc6 Nf4 29. Qe8+ Bf8 30. Qxf8# 1-0

[Event "Late-Titled-Tuesday-Blitz-February-20-2024"]
[Site "Chess.com"]
[Date "2024.02.20"]
[Round "2"]
[White "elchacal664"]
[Black "MathiasWomacka"]
[Result "1-0"]
[WhiteElo "2364"]
[BlackElo "2516"]
[TimeControl "180+1"]
[EndTime "14:16:03 PST"]
[Termination "elchacal664 won by resignation"]

1. c4 c5 2. Nf3 Nf6 3. g3 b6 4. Bg2 Bb7 5. O-O e6 6. b3 Be7 7. Bb2 O-O 8. d3 d5 9. cxd5 Nxd5 10.
Nbd2 Nc6 11. a3 Bf6 12. Qc2 Nd4 13. Nxd4 cxd4 14. Ne4 Rc8 15. Qd2 e5 16. Nxf6+ Qxf6 17. e3 dxe3 18. fxe3 Qg5 19. Rae1 Rfd8 20. Rf2 Ba6 21. e4 Ne7 22. Qxg5 Ng6 23. Bxe5 f6 24. Bxf6 gxf6 25. Qxf6 Rf8 26. Qe6+ Kg7 27. Rxf8 Rxf8 28.
Rf1 Rxf1+ 29. Bxf1 1-0

[Event "Late-Titled-Tuesday-Blitz-February-20-2024"]
[Site "Chess.com"]
[Date "2024.02.20"]
[Round "2"]
[White "BlueWizzard"]
[Black "aistrel"]
[Result "1-0"]
[WhiteElo "2885"]
[BlackElo "2540"]
[TimeControl "180+1"]
[EndTime "14:16:04 PST"]
[Termination "BlueWizzard won by resignation"]

1. d4 d5 2. Nc3 Nf6 3. Bg5 Nbd7 4. Nf3 h6 5. Bf4 a6 6. e3 e6 7. Ne5 c5 8. a4 Nxe5 9. dxe5 Nd7 10. Bd3 Qc7 11.
Nxd5 exd5 12. e6 Bd6 13. exd7+ Bxd7 14. Bxd6 Qxd6 15. O-O O-O 16. c4 Bc6 17. cxd5 Qxd5 18. e4 Qd4 19. Qe2 Rfe8 20. Rfe1 Bxa4 21. e5 Rad8 22.
Bf5 Bb5 23. Qh5 Qxb2 24. Rab1 Qd4 25. e6 Qf6 26. exf7+ Qxf7 27. Bh7+ Kf8 28. Qxc5+ Re7 29. Re3 Rd5 30. Qb4 Bd7 31. Rf3 Bf5 32. g4 Rb5 33. Qxb5 axb5 34. Rxf5 Re5 35. Rxf7+ Kxf7 36. Bd3 Ke6 37. Bxb5 Kd6 38. Bf1 Kc6 39. Bg2+ 1-0

[Event "Late-Titled-Tuesday-Blitz-February-20-2024"]
[Site "Chess.com"]
[Date "2024.02.20"]
[Round "2"]
[White "Tugrik1969"]
[Black "Andrei_Skvortsov"]
[Result "0-1"]
[WhiteElo "2380"]
[BlackElo "2689"]
[TimeControl "180+1"]
[EndTime "14:16:06 PST"]
[Termination "Andrei_Skvortsov won on time"]

1. e4 c5 2. Nf3 d6 3. d4 cxd4 4. Nxd4 Nf6 5. Nc3 g6 6. Be3 Bg7 7. f3 O-O 8. Qd2 d5 9. e5 Ne8 10. f4 f6 11. Nf3 fxe5 12. fxe5 Bg4 13. Qxd5+ Qxd5 14. Nxd5 Nc6 15. Be2 Bxf3 16. Bxf3 Bxe5 17. O-O-O Nf6 18. Nxf6+ exf6 19. Rd7 Rab8 20. Rhd1 f5 21.
Bh6 Rfe8 22. c3 Bf6 23. g3 Ne5 24. Bd5+ Kh8 25. Rxb7 Rxb7 26. Bxb7 Bg7 27. Bxg7+ Kxg7 28. Bd5 g5 29. Rf1 f4 30. gxf4 gxf4 31. Kc2 Rf8 32. c4 Kh6 33. c5 Ng4 34. Rf3 Ne3+ 35. Rxe3 fxe3 36. Kd3 Rd8 0-1

[Event "Late-Titled-Tuesday-Blitz-February-20-2024"]
[Site "Chess.com"]
[Date "2024.02.20"]
[Round "2"]
[White "Doublekk14"]
[Black "JonSnowNW1"]
[Result "1-0"]
[WhiteElo "2317"]
[BlackElo "2493"]
[TimeControl "180+1"]
[EndTime "14:16:06 PST"]
[Termination "Doublekk14 won by resignation"]

1. c4 c6 2. e4 d5 3. exd5 cxd5 4. d4 Nf6 5. Nc3 Nc6 6. Nf3 Bg4 7. c5 e6 8. h3 Bh5 9. Bb5 Be7 10. O-O O-O 11. Be3 Ne4 12. Bxc6 bxc6 13. g4 Bg6 14. Ne5 Nxc3 15.
bxc3 Qc7 16. Qa4 Rfc8 17. Bf4 Qb7 18. Nxg6 hxg6 19. Rab1 Qd7 20. Qa6 g5 21. Bg3 Bf6 22.
Rb7 Qe8 23. Rxa7 Rxa7 24. Qxa7 Ra8 25. Qc7 Rxa2 26. Rb1 Ra8 27. Rb6 Bd8 28. Qxc6 Ra1+ 29. Kg2 Qe7 30. Qd6 Qf6 31. Rb8 Kh7 32. Qxd8 1-0

[Event "Late-Titled-Tuesday-Blitz-February-20-2024"]
[Site "Chess.com"]
[Date "2024.02.20"]
[Round "2"]
[White "colegiodemadrid"]
[Black "IngOscarArdila"]
[Result "1-0"]
[WhiteElo "2488"]
[BlackElo "2243"]
[TimeControl "180+1"]
[EndTime "14:16:06 PST"]
[Termination "colegiodemadrid won by checkmate"]

1. Nf3 Nf6 2. g3 g6 3. Bg2 Bg7 4. O-O O-O 5. c4 d6 6. b3 Nbd7 7. d4 e5 8. e3 exd4 9. Nxd4 Re8 10. Bb2 Nc5 11. Nc3 Bg4 12. f3 Bd7 13. e4 Qe7 14. Qd2 Rad8 15. Ndb5 Bxb5 16. Nxb5 a6 17. Nc3 h5 18. Rae1 Qf8 19. b4 Ne6 20. f4 Ng4 21.
Nd5 c6 22. h3 cxd5 23. cxd5 Nc7 24. hxg4 hxg4 25. a4 Bxb2 26. Qxb2 Rc8 27. Rc1 Na8 28. e5 dxe5 29. fxe5 Rxc1 30. Rxc1 Rc8 31. Rxc8 Qxc8 32. d6 Nb6 33. a5 Nd7 34. Qd2 Nxe5 35. Kh2 Qd7 36.
Qd5 Nf3+ 37. Bxf3 gxf3 38. Kg1 Kf8 39. Qe5 Qe6 40. Qh8# 1-0

[Event "Late-Titled-Tuesday-Blitz-February-20-2024"]
[Site "Chess.com"]
[Date "2024.02.20"]
[Round "2"]
[White "ritanovikova"]
[Black "tusplingher"]
[Result "0-1"]
[WhiteElo "2199"]
[BlackElo "2472"]
[TimeControl "180+1"]
[EndTime "14:16:06 PST"]
[Termination "tusplingher won by checkmate"]

1. e3 c5 2. b3 Nc6 3. Bb2 e5 4. Bb5 d6 5. d4 cxd4 6. exd4 Bd7 7. dxe5 dxe5 8. Nd2 Nf6 9. Ngf3 e4 10. Bxc6 Bxc6 11.
Ne5 e3 12. Ndf3 exf2+ 13. Kxf2 Bc5+ 14. Kf1 Qxd1+ 15. Rxd1 Be4 16. Nxf7 Bxf3 17. Nd6+ Bxd6 18. gxf3 Be7 19. Rg1 Kf7 20. Bxf6 Bxf6 21. Rd7+ Ke6 22. Rxb7 Rhd8 23. Ke2 Rd5 24. f4 Rad8 25. Rxa7 Rd2+ 26. Kf3 Rxc2 27. a4 Rc3+ 28. Kg4 h5+ 29. Kxh5 Rh8+ 30. Kg6 Rh6# 0-1

[Event "Late-Titled-Tuesday-Blitz-February-20-2024"]
[Site "Chess.com"]
[Date "2024.02.20"]
[Round "2"]
[White "Bilan_Danila"]
[Black "lluiss"]
[Result "1-0"]
[WhiteElo "2464"]
[BlackElo "2188"]
[TimeControl "180+1"]
[EndTime "14:16:10 PST"]
[Termination "Bilan_Danila won on time"]

1. d4 d5 2. Nf3 c6 3. c4 e6 4. Qc2 f5 5. Bf4 Nf6 6. g3 Be7 7. Bg2 O-O 8. Nc3 Bd7 9. Ne5 Be8 10. O-O Nbd7 11. f3 Nxe5 12. Bxe5 Nd7 13. Bf4 dxc4 14. e4 Nb6 15. Be5 Bg6 16. Rad1 fxe4 17. fxe4 c5 18. d5 exd5 19. Nxd5 Nxd5 20. Qxc4 Rxf1+ 21. Rxf1 Bf7 22. exd5 Bd6 23. Qf4 Bg6 24. Bh3 Bxe5 25. Be6+ Kh8 26. Qxe5 h6 27. h4 Qe8 28. g4 h5 29.
gxh5 Bxh5 30. Rf5 Bg6 31. Rg5 Kh7 32. h5 1-0

[Event "Late-Titled-Tuesday-Blitz-February-20-2024"]
[Site "Chess.com"]
[Date "2024.02.20"]
[Round "2"]
[White "Josetricks"]
[Black "cthake"]
[Result "1-0"]
[WhiteElo "2407"]
[BlackElo "1781"]
[TimeControl "180+1"]
[EndTime "14:16:11 PST"]
[Termination "Josetricks won by resignation"]

1. c4 e5 2. Nc3 Nc6 3. Nf3 d6 4.
d4 exd4 5. Nxd4 Nxd4 6. Qxd4 Qf6 7. Qe4+ Qe7 8. Qxe7+ Bxe7 9. Nd5 Kd8 10. g3 c6 11.
Nxe7 Nxe7 12. Bg2 Be6 13. b3 Kc7 14. O-O d5 15. Bf4+ Kc8 16. Bd6 Kd7 17. Bxe7 Kxe7 18. cxd5 Bxd5 19. Bxd5 cxd5 20. Rfd1 Rhd8 21. Rac1 Ke6 22.
Rc7 Rab8 23. Kg2 a5 24. Rd4 b5 25. e4 Ke5 26. Rxd5+ Rxd5 27. exd5 Kf6 28. Ra7 Rd8 29.
Rxa5 Rxd5 30. a4 Ke6 31. Rxb5 Rd6 32. a5 Kd7 33. b4 Rc6 34. Rb7+ Ke6 35. Rb6 Kd7 36.
Rxc6 Kxc6 37. Kf3 Kb5 38. Ke4 f6 39. Kd5 Ka6 40. Kc6 f5 41. b5+ Ka7 42. b6+ Kb8 43. a6 g5 44. b7 f4 45. Kb6 1-0

[Event "Late-Titled-Tuesday-Blitz-February-20-2024"]
[Site "Chess.com"]
[Date "2024.02.20"]
[Round "2"]
[White "TemploVillamarin"]
[Black "szachmistrz2500"]
[Result "1-0"]
[WhiteElo "2189"]
[BlackElo "2420"]
[TimeControl "180+1"]
[EndTime "14:16:13 PST"]
[Termination "TemploVillamarin won by resignation"]

1. d4 Nf6 2. Nc3 d5 3. e4 dxe4 4. f3 exf3 5. Nxf3 Bg4 6. Bc4 e6 7. O-O Nc6 8. Be3 Bd6 9. Qe1 Nb4 10. Bb3 Bf5 11. Bg5 h6 12. Bxf6 Qxf6 13. Ne5 O-O-O 14. Nb5 Nd5 15. Nxa7+ Kb8 16. Nb5 Bxe5 17. dxe5 Qg5 18. Bxd5 Rxd5 19. c4 Bh3 20. Qg3 Rxb5 21. cxb5 Qxg3 22.
hxg3 Bf5 23. g4 Bg6 24. Rfd1 h5 25. g5 h4 26. a4 b6 27. Rd7 Rh5 28. Rc1 Rxg5 29.
Rcxc7 Be4 30. Rxf7 Rxg2+ 31. Kf1 h3 32. Rce7 Bb7 33.
Rxb7+ Ka8 34. Rbe7 1-0

[Event "Late-Titled-Tuesday-Blitz-February-20-2024"]
[Site "Chess.com"]
[Date "2024.02.20"]
[Round "2"]
[White "KetiTsatsalashvili"]
[Black "JaackCamel"]
[Result "0-1"]
[WhiteElo "2438"]
[BlackElo "2185"]
[TimeControl "180+1"]
[EndTime "14:16:15 PST"]
[Termination "JaackCamel won by resignation"]

1. d4 d5 2. Nf3 e6 3. c4 c6 4. e3 Nf6 5. Nbd2 Nbd7 6. Bd3 dxc4 7. Nxc4 b5 8. Nce5 Bb7 9. O-O a6 10. a4 b4 11. Qb3 c5 12. Nxf7 Kxf7 13. Ng5+ Ke8 14.
Qxe6+ Qe7 15. Qh3 Bd5 16. e4 Bf7 17. e5 Nd5 18. Nxf7 Kxf7 19. Bc4 Nb6 20. Qf3+ Ke6 21. Bxd5+ Nxd5 22. Qg4+ Kf7 23. Qf3+ Ke6 24. h4 Qxh4 25. dxc5 Bxc5 26. Rd1 Rad8 27. g3 Qe7 28. Qg4+ Kf7 29. Bg5 Qe6 30. Bxd8 Qxg4 31. Rxd5 Qxg3+ 32. Kh1 Qf3+ 33.
Kh2 Qxd5 0-1

[Event "Late-Titled-Tuesday-Blitz-February-20-2024"]
[Site "Chess.com"]
[Date "2024.02.20"]
[Round "2"]
[White "bilosuvenosu06"]
[Black "Felix-Rose"]
[Result "1-0"]
[WhiteElo "2497"]
[BlackElo "2268"]
[TimeControl "180+1"]
[EndTime "14:16:16 PST"]
[Termination "bilosuvenosu06 won on time"]

1. a4 Nf6 2. d4 g6 3. Nf3 Bg7 4. c4 O-O 5. Nc3 d5 6. e3 c5 7. cxd5 Nxd5 8. Bc4 Nb6 9. Be2 cxd4 10. exd4 Nc6 11. Be3 Nd5 12. O-O Be6 13. Rc1 Rc8 14.
Qd2 Nxc3 15. Rxc3 Bd5 16. Rd1 Qa5 17. Rc5 Qxd2 18. Rxd2 Rfd8 19. Kf1 b6 20. Rc3 h6 21. h3 e6 22. Ba6 Rb8 23. Bf4 Ra8 24. Bb7 Bxf3 25.
gxf3 Nxd4 26. Bxa8 Rxa8 27. Rcd3 e5 28. Be3 Nf5 29.
Rd8+ Rxd8 30. Rxd8+ Kh7 31. Rd7 g5 32. Rxf7 Kg6 33.
Rxa7 1-0

[Event "Late-Titled-Tuesday-Blitz-February-20-2024"]
[Site "Chess.com"]
[Date "2024.02.20"]
[Round "2"]
[White "Beca95"]
[Black "JackRodgers"]
[Result "1-0"]
[WhiteElo "2907"]
[BlackElo "2551"]
[TimeControl "180+1"]
[EndTime "14:16:21 PST"]
[Termination "Beca95 won on time"]

1. e4 c5 2. Nf3 g6 3. Bc4 Bg7 4.
O-O e6 5. Re1 Ne7 6. Bf1 O-O 7.
d3 Nbc6 8. g3 d6 9. c3 e5 10.
Nbd2 h6 11. Nc4 Be6 12. a4 Na5 13. b4 cxb4 14. cxb4 Nac6 15. b5 Nd4 16. Nxd4 exd4 17. Ba3 Bxc4 18. dxc4 Nc8 19. Ra2 a5 20. Rd2 Nb6 21. c5 dxc5 22. Bxc5 Rc8 23. Bxd4 Bxd4 24. Rxd4 Qe7 25. Qd2 Qa3 26. Qxa5 Qc5 27. Qd2 Ra8 28.
Ra1 Rfc8 29. a5 Qc3 30. Rd8+ Kg7 31. Qxc3+ Rxc3 32. Rxa8 Nxa8 33. b6 Kf6 34. Ba6 Nxb6 35. Bxb7 Nc4 36. a6 1-0

[Event "Late-Titled-Tuesday-Blitz-February-20-2024"]
[Site "Chess.com"]
[Date "2024.02.20"]
[Round "2"]
[White "jk13"]
[Black "egnfanclub"]
[Result "1-0"]
[WhiteElo "2712"]
[BlackElo "2376"]
[TimeControl "180+1"]
[EndTime "14:16:21 PST"]
[Termination "jk13 won by resignation"]

1. e4 e5 2. Nf3 Nc6 3. Bc4 Nf6 4.
d3 Bc5 5. c3 d6 6. Bb3 a5 7.
Nbd2 O-O 8. O-O Be6 9. Bc2 d5 10.
Qe2 d4 11. h3 a4 12. a3 h6 13. Nh4 Qd7 14. Qf3 Nh7 15. Re1 Ng5 16. Qg3 b5 17.
Ndf3 f6 18. Ng6 Rfe8 19. h4 Nxf3+ 20. Qxf3 Bg4 21. Qg3 Bh5 22. Bd1 Bxg6 23. Qxg6 Qf7 24. Qg3 Kf8 25. Bg4 Red8 26. Kh1 Rd6 27. f4 Rad8 28.
Be2 dxc3 29. bxc3 Na5 30. fxe5 fxe5 31. Rf1 Rf6 32. Bxh6 Bf2 33. Rxf2 Rxf2 34. Bxg7+ Qxg7 35. Qxf2+ Kg8 36. Rf1 Nb3 37. Bg4 Qxg4 38. Qf7+ Kh8 39. Qf6+ Kh7 40. Qxd8 1-0

[Event "Late-Titled-Tuesday-Blitz-February-20-2024"]
[Site "Chess.com"]
[Date "2024.02.20"]
[Round "2"]
[White "Zkid"]
[Black "RantomOpening"]
[Result "1-0"]
[WhiteElo "2914"]
[BlackElo "2555"]
[TimeControl "180+1"]
[EndTime "14:16:22 PST"]
[Termination "Zkid won by resignation"]

1. e4 c5 2. Nf3 e6 3. d4 cxd4 4.
Nxd4 Nf6 5. Nc3 Nc6 6. Ndb5 Bc5 7. Bf4 O-O 8. Bc7 Qe7 9. Bd6 Bxd6 10. Qxd6 Qd8 11.
O-O-O a6 12. Nd4 Ne7 13. Be2 b5 14. Nb3 Ne8 15. Qd2 d6 16. a3 Bb7 17. f4 d5 18. Bf3 Nf6 19. e5 Nd7 20. h4 Qc7 21. h5 h6 22. g4 f6 23. Nd4 Qb6 24. exf6 Nxf6 25. g5 hxg5 26. fxg5 Ne4 27. Nxe4 dxe4 28. Bg4 e5 29. Ne6 Rf2 30. Qd7 Rc8 31. Kb1 Qc6 32.
Qxc6 Nxc6 33. Nc5 Rc7 34. Be6+ Kh7 35. Bd5 Na5 36. Nxb7 Nxb7 37. Bxe4+ Kg8 38. h6 gxh6 39. gxh6 Nc5 40. h7+ 1-0

[Event "Late-Titled-Tuesday-Blitz-February-20-2024"]
[Site "Chess.com"]
[Date "2024.02.20"]
[Round "2"]
[White "DarkAlekhine"]
[Black "ninguno46"]
[Result "1-0"]
[WhiteElo "2832"]
[BlackElo "2524"]
[TimeControl "180+1"]
[EndTime "14:16:22 PST"]
[Termination "DarkAlekhine won by resignation"]

1. b3 d5 2. Bb2 c5 3. e3 a6 4. Nf3 Nc6 5. d4 Nf6 6. dxc5 e6 7. c4 Bxc5 8. Be2 O-O 9. O-O dxc4 10. Bxc4 Qe7 11. Nbd2 e5 12. Ng5 Bf5 13. Qf3 Bg6 14.
Nde4 Nxe4 15. Nxe4 Ba7 16. Rad1 Kh8 17. Nd6 Bc5 18. Qd5 Bb4 19. a3 Ba5 20. f4 exf4 21. exf4 Rad8 22. f5 Qe3+ 23. Kh1 Bh5 24. f6 g5 25. Rd3 Qa7 26. Qxg5 Bg6 27. Nxf7+ Rxf7 28. Bxf7 Rxd3 29. Bxg6 Qf2 30. f7+ Bc3 31. f8=Q+ Qxf8 32. Rxf8+ 1-0

[Event "Late-Titled-Tuesday-Blitz-February-20-2024"]
[Site "Chess.com"]
[Date "2024.02.20"]
[Round "2"]
[White "MarcoRiehle"]
[Black "sina101"]
[Result "1-0"]
[WhiteElo "2859"]
[BlackElo "2532"]
[TimeControl "180+1"]
[EndTime "14:16:23 PST"]
[Termination "MarcoRiehle won by resignation"]

1. e4 c6 2. c4 e5 3. d4 exd4 4. Qxd4 d6 5. Nc3 Nf6 6. Bg5 Be7 7. O-O-O Qd7 8. h4 Qd8 9. h5 h6 10. Bxf6 Bxf6 11. Qxd6 Qxd6 12. Rxd6 Bxc3 13. bxc3 Be6 14. f4 Ke7 15. Rd2 f6 16. Nf3 Na6 17. Nh4 Rhd8 18. Ng6+ Ke8 19. e5 Rxd2 20. Kxd2 Rd8+ 21. Ke1 Nc5 22.
Be2 Nd3+ 23. Bxd3 Rxd3 24. Kf2 Rxc3 25. exf6 gxf6 26. Re1 Kf7 27. Nh8+ Kg7 28. Rxe6 Kxh8 29. Rxf6 Rxc4 30. g4 Kg7 31. Rg6+ Kf7 32. Rxh6 Rxf4+ 33. Kg3 Rb4 34. Kh4 a5 35. Rh7+ Kf6 36. a3 Rb3 37. g5+ Kf5 38. Rf7+ Ke6 39. Rf6+ Ke7 40. h6 Rb1 41. Kh5 Rh1+ 42. Kg6 c5 43. Rf7+ Ke6 44. Rxb7 c4 45. Rc7 Kd5 46. Kg7 Kd4 47. h7 1-0

[Event "Late-Titled-Tuesday-Blitz-February-20-2024"]
[Site "Chess.com"]
[Date "2024.02.20"]
[Round "2"]
[White "Sanan_Sjugirov"]
[Black "Cristi_Coca"]
[Result "1-0"]
[WhiteElo "2872"]
[BlackElo "2384"]
[TimeControl "180+1"]
[EndTime "14:16:23 PST"]
[Termination "Sanan_Sjugirov won by resignation"]

1. d4 Nf6 2. Nf3 g6 3. c4 Bg7 4.
Nc3 O-O 5. e4 d6 6. Be2 Nbd7 7.
O-O e5 8. Re1 Qe7 9. Bf1 c6 10.
h3 Re8 11. d5 c5 12. a3 h6 13. b4 b6 14. Rb1 Nh7 15. Bd3 Rf8 16. Nb5 Ndf6 17.
bxc5 bxc5 18. Qa4 Ne8 19. Nc3 Bd7 20. Qa5 Bc8 21. Qa4 a6 22. Rb6 f5 23. Qc6 Ra7 24. exf5 Rc7 25. f6 Rxc6 26. fxe7 Rxb6 27. exf8=Q+ Nxf8 28. Bc2 Bf5 29. Ne4 Nf6 30. Nfd2 Nxe4 31. Nxe4 Bxe4 32.
Bxe4 Kf7 33. Bc2 Nd7 34. Re3 Nf6 35. Rg3 g5 36. Rf3 Ke7 37. g3 Ne8 38. Kg2 Bf6 39.
Bg6 Ng7 40. h4 gxh4 41. Bxh6 hxg3 42. Bxg7 Bxg7 43. Rf7+ Kd8 44. Rxg7 Rb2 45. Kxg3 Rb3+ 46. Kg4 Rxa3 47. Kf5 Rf3+ 48. Ke6 Rxf2 49. Kxd6 Rf6+ 50. Kxe5 Rb6 51. d6 1-0

[Event "Late-Titled-Tuesday-Blitz-February-20-2024"]
[Site "Chess.com"]
[Date "2024.02.20"]
[Round "2"]
[White "Muracle"]
[Black "igorknyazev"]
[Result "1-0"]
[WhiteElo "2471"]
[BlackElo "2197"]
[TimeControl "180+1"]
[EndTime "14:16:23 PST"]
[Termination "Muracle won by resignation"]

1. Nf3 Nc6 2. b3 e5 3. Bb2 d6 4. e3 Bg4 5. h3 Bh5 6. Be2 Be7 7.
O-O Qd7 8. Nxe5 dxe5 9. Bxh5 Nf6 10. Bf3 O-O-O 11. d3 Kb8 12. Nd2 h5 13. Nc4 g5 14.
Bxc6 Qxc6 15. Nxe5 Qe6 16. Nf3 g4 17. Nd4 Rxd4 18.
Bxd4 gxh3 19. g3 Qd5 20. f3 Rg8 21. Kf2 h2 22. Rh1 h4 23. g4 Nxg4+ 24. fxg4 h3 25.
Qf3 Bh4+ 26. Ke2 Qe6 27. Qxh3 Rxg4 28. Rxh2 Bd8 29. Rf1 Rxd4 30. Qxe6 1-0

[Event "Late-Titled-Tuesday-Blitz-February-20-2024"]
[Site "Chess.com"]
[Date "2024.02.20"]
[Round "2"]
[White "AsaHoffmann"]
[Black "Goryachkina"]
[Result "1/2-1/2"]
[WhiteElo "2376"]
[BlackElo "2684"]
[TimeControl "180+1"]
[EndTime "14:16:25 PST"]
[Termination "Game drawn by agreement"]

1. d4 Nf6 2. Bg5 Ne4 3. Bf4 c5 4. f3 Nf6 5. dxc5 b6 6. Nc3 bxc5 7. e4 Nc6 8. Bc4 g6 9. Nge2 Bg7 10. Qd2 O-O 11. Bh6 Ne5 12. Bb3 c4 13. Bxg7 Kxg7 14. Ba4 d6 15. Rb1 Qb6 16. Qd4 Qxd4 17. Nxd4 Bd7 18.
Bxd7 Nexd7 19. Kf2 Rfc8 20. Rhd1 Rab8 21. g4 h6 22. h4 Nc5 23. g5 hxg5 24. hxg5 Nh5 25. Nd5 Rb7 26. Ke3 e5 27. Ne2 Ne6 28. Nf6 Nxf6 29.
gxf6+ Kxf6 30. Rxd6 Ke7 31. Ra6 Nc5 32. Ra5 Nd7 33. Nc3 Rcb8 34. b3 cxb3 35. axb3 Kf8 36. Nd5 Rc8 37. c3 Nc5 38. b4 Ne6 39. Rba1 Nf4 40.
Nxf4 exf4+ 41. Kxf4 Rxc3 42. Rxa7 Rxb4 43. Rd7 Rbb3 44.
Rf1 Rd3 45. Rxd3 Rxd3 1/2-1/2

[Event "Late-Titled-Tuesday-Blitz-February-20-2024"]
[Site "Chess.com"]
[Date "2024.02.20"]
[Round "2"]
[White "Alex_Sahakyan2006"]
[Black "ridnani1"]
[Result "1-0"]
[WhiteElo "2830"]
[BlackElo "2382"]
[TimeControl "180+1"]
[EndTime "14:16:26 PST"]
[Termination "Alex_Sahakyan2006 won by resignation"]

1. e4 c5 2. Nf3 d6 3. Nc3 Nc6 4.
Bb5 Bd7 5. O-O g6 6. d4 cxd4 7. Bxc6 Bxc6 8. Qxd4 Nf6 9. Nd5 Bxd5 10. exd5 Bg7 11.
Re1 O-O 12. Qd3 Qc7 13. c3 Qc5 14. Rxe7 Rab8 15. Re1 Rfe8 16. Be3 Qxd5 17. Qxd5 Nxd5 18. Bxa7 Rxe1+ 19. Rxe1 Ra8 20. Be3 Nxe3 21. Rxe3 Rxa2 22. Re8+ Bf8 23. Re2 Ra1+ 24. Re1 Rxe1+ 25. Nxe1 f5 26. Kf1 Kf7 27. Ke2 Ke6 28. Kd3 Kd5 29. Nc2 Bg7 30. Ne3+ Kc5 31. b4+ Kc6 32. c4 b5 33. Nd5 bxc4+ 34.
Kxc4 Be5 35. b5+ Kb7 36. h3 Kc8 37. Ne7+ Kd7 38. Nc6 Bf6 39. Kd5 Bc3 40. b6 Be1 41. b7 1-0

[Event "Late-Titled-Tuesday-Blitz-February-20-2024"]
[Site "Chess.com"]
[Date "2024.02.20"]
[Round "2"]
[White "Walter_White_Poland"]
[Black "Hasangatin_Ramil"]
[Result "0-1"]
[WhiteElo "2361"]
[BlackElo "2668"]
[TimeControl "180+1"]
[EndTime "14:16:27 PST"]
[Termination "Hasangatin_Ramil won on time"]

1. d4 d6 2. e4 Nf6 3. Nc3 e5 4. dxe5 dxe5 5. Qxd8+ Kxd8 6. Bc4 Be6 7. Bxe6 fxe6 8.
Be3 Bd6 9. f3 Ke7 10. O-O-O a6 11. Nge2 h6 12. b3 Nc6 13. Kb2 Rhf8 14. a3 Nh5 15.
Na4 Nf4 16. Nxf4 exf4 17. Bc5 b5 18. Bxd6+ cxd6 19. Nc3 Ne5 20. Rd2 g5 21. h3 h5 22.
Ne2 Rac8 23. Rhd1 Rc6 24. Nd4 Rb6 25. Rh1 Ng6 26. c3 a5 27. Nc2 a4 28. Nd4 Ne5 29.
h4 g4 30. fxg4 hxg4 31. Rf2 axb3 32. Kxb3 Nd3 33. Rd2 Nc5+ 34. Kb4 Nxe4 35. Re2 Nc5 36. h5 e5 37. h6 Kf6 38. h7 Nd3+ 39. Kb3 Nc5+ 40. Kb4 Kg7 41. Nb3 Nd3+ 42. Ka5 Rb7 43. h8=Q+ Rxh8 44. Rxh8 Kxh8 45. Rd2 e4 46. Nd4 Kg7 47.
Nxb5 Rxb5+ 48. Kxb5 f3 49. gxf3 exf3 50. Rxd3 f2 51.
Rd1 g3 0-1